 Dungeon Crawl Stone Soup version 0.25.1-2-g60ff931df9 (webtiles) character file.

Game seed: 118972545694222594

91 Britanger the Magician (level 4, -2/24 HPs)
             Began as a Deep Elf Wizard on Oct 20, 2020.
             Slain by a sky beast (6 damage)
             ... on level 3 of the Dungeon.
             The game lasted 00:07:55 (2427 turns).

Britanger the Magician (Deep Elf Wizard)            Turns: 2427, Time: 00:07:57

Health: -2/24      AC:  2    Str:  4    XL:     4   Next: 33%
Magic:  3/13       EV: 13    Int: 24    God:
Gold:   126        SH:  0    Dex: 13    Spells: 4/13 levels left

rFire    . . .     SeeInvis .   g - +0 dagger
rCold    . . .     Gourm    .   (no shield)
rNeg     . . .     Faith    .   a - +0 robe
rPois    .         Spirit   .   b - +0 hat
rElec    .         Reflect  .   (no cloak)
rCorr    .         Harm     .   (no gloves)
MR       .....                  (no boots)
Stlth    ++........             (no amulet)
HPRegen  0.08/turn              (no ring)
MPRegen  0.13/turn              (no ring)

@: no status effects
A: no striking features
a: no special abilities


You were on level 3 of the Dungeon.
You were not hungry.

You visited 1 branch of the dungeon, and saw 3 of its levels.

You collected 126 gold pieces.

Inventory:

Hand Weapons
 g - a +0 dagger (weapon)
 k - a +0 hunting sling
Missiles
 j - 16 sling bullets (quivered)
 p - 9 bolts
Armour
 a - a +0 robe (worn)
 b - a +0 hat (worn)
 q - a +0 robe
Scrolls
 c - 3 scrolls of identify {unknown}
 e - 2 scrolls of amnesia {unknown}
 i - a scroll of magic mapping {unknown}
 l - 2 scrolls of teleportation {unknown}
Potions
 h - 2 potions of mutation {unknown}
 m - a potion of might {unknown}
 n - a potion of flight {unknown}
 o - a potion of haste {unknown}
Comestibles
 d - 3 rations


   Skills:
 - Level 3.0 Dodging
 - Level 2.4 Stealth
 + Level 5.3 Spellcasting
 * Level 3.6 Conjurations
   Level 1.1 Summonings
 - Level 1.1 Translocations


You had 4 spell levels left.
You knew the following spells:

 Your Spells              Type           Power        Failure   Level  Hunger
a - Magic Dart            Conj           ###.         1%          1    None
b - Blink                 Tloc           N/A          9%          2    None
c - Conjure Flame         Conj/Fire      ###.....     12%         3    ##.....
d - Mephitic Cloud        Conj/Pois/Air  ##......     16%         3    ##.....

Your spell library contained the following spells:

 Spells                   Type           Power        Failure   Level  Hunger
 Call Imp                 Summ           ##......     9%          2    None
 Slow                     Hex            #.......     13%         2    None


Dungeon Overview and Level Annotations

Branches:
Dungeon (3/15)

Altars:


Message History

Confirm with . or Enter, or press ? or * to list all spells.
Aiming: Magic Dart (safe; 1% risk of failure)
Press: ? - help, Shift-Dir - straight line, f/p - sky beast
Aim: a sky beast (almost dead)
The magic dart hits the sky beast but does no damage.
The sky beast is almost dead.
The sky beast hits you. The sky beast shocks you.
Casting: Magic Dart (safe; 1% risk of failure)
Confirm with . or Enter, or press ? or * to list all spells.
Aiming: Magic Dart (safe; 1% risk of failure)
Press: ? - help, Shift-Dir - straight line, f/p - sky beast
Aim: a sky beast (almost dead)
The magic dart hits the sky beast.
The sky beast is almost dead.
The sky beast flickers out of sight!
Deactivating autopickup; reactivate with Ctrl-A.
Something hits you.
* * * LOW HITPOINT WARNING * * *
Something shocks you.
You die...

.....##.# #...........
.....>#.####...........
.....##....#.##........
8...8##................
##8# ####...##.###....
# #..#......# [.... .
#....#....##.#.#. #..
##...(...........
#).###...{@........
#.....#.....###...
#............###.##.
.....##......<........
.... ###.##)..###....
.>. #............# .)
..........(..... ..# .
####...........## #..
###...##...... ..# #


There were no monsters in sight!

Vanquished Creatures
  2 adders (D:2)
  An ooze (D:3)
  A worm (D:3)
  A dart slug (D:1)
  6 leopard geckos
  An orc (D:3)
  A ball python (D:1)
  3 giant cockroaches
  7 goblins
  4 hobgoblins
  5 jackals (D:2)
  10 kobolds
  4 bats
  4 frilled lizards
  6 rats
56 creatures vanquished.

Notes
Turn   | Place    | Note
-------+----------+-------------------------------------------
     0 | D:1      | Britanger the Deep Elf Wizard began the quest for the Orb.
     0 | D:1      | Reached XP level 1. HP: 10/10 MP: 7/7
   243 | D:1      | Reached XP level 2. HP: 15/15 MP: 2/9
   909 | D:1      | Reached XP level 3. HP: 19/19 MP: 9/11
   992 | D:1      | Learned a level 2 spell: Blink
   996 | D:1      | Learned a level 3 spell: Conjure Flame
  1000 | D:1      | Learned a level 3 spell: Mephitic Cloud
  1407 | D:2      | Reached skill level 5 in Spellcasting
  1804 | D:2      | Reached XP level 4. HP: 23/24 MP: 8/13
  2410 | D:3      | Noticed a sky beast
  2427 | D:3      | Slain by a sky beast

Illustrated notes

Levels and vault maps discovered:
D:1:      scummos_arrival_checkerplants, layout_loops_corners
D:2:      layout_basic
D:3:      layout_rooms, nicolae_overflow_hidden_temple, serial_glass,
          glass_columns_a, glass_columns_c

Skill      XL: |  1  2  3 |
---------------+----------+-----
Conjurations   | 2 3 |  3.6
Dodging        | 3 |  3.0
Spellcasting   | 5 |  5.3
Stealth        | |  2.4
Summonings     | |  1.1
Translocations | |  1.1

Action                   |  1- 3 |  4- 6 || total
-------------------------+-------+-------++-------
Melee: Dagger            |     1 |       ||     1
 Cast: Magic Dart        |    95 |    41 ||   136
  Eat: Chunk             |     2 |     2 ||     4
Armor: Robe              |     1 |     2 ||     3
Dodge: Dodged            |    14 |     3 ||    17
